 Dungeon Crawl Stone Soup version 0.29-a0-653-gd47aff6735 (webtiles) character file.

Game seed: 15992452707813508620

35280 happo123 the Zephyrmancer (level 13, -1/78 HPs)
             Began as a Tengu Air Elementalist on June 21, 2022.
             Was a High Priest of Vehumet.
             Succumbed to a black mamba's poison
             ... on level 3 of the Lair of Beasts.
             The game lasted 02:31:49 (17641 turns).

happo123 the Zephyrmancer (Tengu Air Elementalist) Turns: 17641, Time: 02:31:50

Health: -1/78      AC:  8    Str: 14    XL:     13   Next: 82%
Magic:  24/24      EV: 22    Int: 21    God:    Vehumet [*****.]
Gold:   618        SH:  5    Dex: 21    Spells: 5/26 levels left

rFire   + . .      SeeInvis +   w - +7 dire flail of Dismemberment {vorpal, rF+ Will+ SInv}
rCold   . . .      Faith    .   (shield currently unavailable)
rNeg    . . .      Spirit   .   p - +2 robe {Archmagi}
rPois   .          Reflect  +   (helmet restricted)
rElec   .          Harm     .   u - +2 cloak
rCorr   .          Rampage  .   y - +0 pair of gloves
Will    +....      Archmagi +   (boots unavailable)
Stlth   ++++......              Y - amulet of reflection
HPRegen 0.23/turn               i - +6 ring of strength
MPRegen 0.19/turn               e - +6 ring of dexterity

@: lethally poisoned (-1 -> -20), flying quickly and evasively, quick
A: beak, talons 3, nimble flight
a: Renounce Religion


You were on level 3 of the Lair of Beasts.
You worshipped Vehumet.
Vehumet was extremely pleased with you.
You visited 3 branches of the dungeon, and saw 16 of its levels.
You also visited: Ossuary and Volcano.

You collected 1222 gold pieces.
You spent 604 gold pieces at shops.

Inventory:

Hand Weapons
 w - the +7 dire flail of Dismemberment (weapon) {vorpal, rF+ Will+ SInv}
   (You took it off an ogre on level 4 of the Dungeon)

   It inflicts extra damage upon your enemies.
   rF:        It protects you from fire.
   SInv:      It lets you see invisible.
   Will:      It increases your willpower.
 J - the +9 mace "Tormentor" {spect, Will+ rCorr Int-3 Dex+3}
   (You found it on level 6 of the Dungeon)

   When its wielder attacks, the weapon's spirit leaps out and strikes again.
   The spirit shares a part of any damage it takes with its wielder.
   Int:       It affects your intelligence (-3).
   Dex:       It affects your dexterity (+3).
   rCorr:     It protects you from acid and corrosion.
   Will:      It increases your willpower.
 L - the +3 long sword of Absolution {freeze, rPois rC+ Int+4 Dex-5}
   (You found it on level 7 of the Dungeon)

   It freezes those it strikes, dealing additional cold damage.
   It can also slow down cold-blooded creatures.
   Int:       It affects your intelligence (+4).
   Dex:       It affects your dexterity (-5).
   rC:        It protects you from cold.
   rPois:     It protects you from poison.
 S - a +2 triple crossbow of flaming
Missiles
 o - 2 throwing nets
Armour
 g - a +0 leather armour of fire resistance
 p - a +2 robe of the Archmagi (worn)
 u - a +2 cloak (worn)
 y - a +0 pair of gloves (worn)
Magical Staves
 T - a staff of air
Jewellery
 e - a +6 ring of dexterity (right hand)
 i - a +6 ring of strength (left hand)
 j - a +6 ring of dexterity
 W - a ring of willpower
 Y - an amulet of reflection (around neck)
Wands
 d - a wand of polymorph (7)
 z - a wand of light (3)
 H - a wand of paralysis (23)
 P - a wand of flame (13)
 R - a wand of digging (2)
Scrolls
 a - a scroll of vulnerability {unknown}
 c - a scroll of summoning {unknown}
 f - 4 scrolls of immolation
 h - 14 scrolls of teleportation
 l - 3 scrolls of enchant armour
 m - 4 scrolls of fog
 r - a scroll of silence {unknown}
 t - 3 scrolls of noise
 v - a scroll of magic mapping
 x - a scroll of blinking
 D - 2 scrolls of brand weapon
 E - 6 scrolls of poison
 F - a scroll of amnesia {unknown}
 N - 3 scrolls of enchant weapon
 Q - a scroll of fear
Potions
 b - a potion of magic
 k - 2 potions of attraction {unknown}
 n - 11 potions of ambrosia
 q - 6 potions of curing {unknown}
 s - 4 potions of degeneration {unknown}
 A - a potion of mutation {unknown}
 B - 7 potions of heal wounds
 C - 8 potions of might
 G - 2 potions of resistance {unknown}
 I - 4 potions of haste {unknown}
 K - 3 potions of flight {unknown}
 M - 3 potions of brilliance {unknown}
 U - a potion of invisibility {unknown}
 X - 2 potions of lignification {unknown}
Miscellaneous
 O - a box of beasts
 V - a lightning rod (4/4)


   Skills:
 + Level 7.7 Fighting
 + Level 7.4 Maces & Flails
 + Level 8.7 Dodging
 - Level 6.0 Stealth
 + Level 7.2 Spellcasting
 * Level 14.0 Conjurations
 + Level 8.0 Summonings
 - Level 4.0 Ice Magic
 * Level 14.4 Air Magic
 + Level 2.9 Evocations


You had 5 spell levels left.
You knew the following spells:

 Your Spells              Type           Power      Damage    Failure   Level
a - Shock                 Conj/Air       100%       1d9       1%          1
b - Static Discharge      Conj/Air       79%        N/A       1%          2
c - Swiftness             Air            80%        N/A       1%          3
d - Airstrike             Air            40%        N/A       1%          4
e - Searing Ray           Conj           100%       2d8       1%          2
f - Summon Lightning Spi  Summ/Air       70%        N/A       1%          4
g - Iskenderun's Battles  Conj           79%        2d13      1%          5

Your spell library contained the following spells:

 Spells                   Type           Power      Damage    Failure   Level
 Eringya's Noxious Bog    Tmut/Pois      5%         N/A       95%         6
 Freeze                   Ice            100%       1d11      1%          1
 Summon Small Mammal      Summ           100%       N/A       1%          1
 Call Canine Familiar     Summ           58%        N/A       1%          3
 Frozen Ramparts          Ice            72%        1d9       1%          3
 Mephitic Cloud           Conj/Pois/Air  63%        N/A       1%          3
 Stone Arrow              Conj/Erth      100%       3d13      1%          3
 Flame Wave               Conj/Fire      53%        2d11      1%          4
 Hailstorm                Conj/Ice       62%        3d13      1%          4
 Freezing Cloud           Conj/Ice/Air   34%        6-21      1%          5
 Sandblast                Erth           22%        2d7       2%          1
 Scorch                   Fire           22%        2d6       3%          2
 Ignite Poison            Fire/Tmut/Pois 11%        N/A       7%          3
 Summon Ice Beast         Ice/Summ       49%        N/A       7%          4
 Apportation              Tloc           22%        N/A       9%          1
 Necrotize                Necr           44%        1d6       9%          1
 Passwall                 Tmut/Erth      9%         N/A       13%         2
 Olgreb's Toxic Radiance  Pois           11%        N/A       22%         4
 Portal Projectile        Hex/Tloc       22%        N/A       26%         3
 Summon Mana Viper        Hex/Summ       36%        N/A       41%         5
 Leda's Liquefaction      Hex/Erth       5%         N/A       65%         4
 Iron Shot                Conj/Erth      26%        9d6       19%         6
 Spellforged Servitor     Conj/Summ      34%        N/A       21%         7
 Maxwell's Capacitive Co  Air            40%        ∞         36%         8
 Summon Cactus Giant      Summ           29%        N/A       43%         6
 Monstrous Menagerie      Summ           29%        N/A       95%         7
 Ozocubu's Refrigeration  Ice            18%        4d8       96%         7
 Storm Form               Tmut/Air       27%        N/A       98%         7
 Dispersal                Tloc           5%         N/A       100%        6
 Disjunction              Tloc           5%         N/A       100%        8
 Ignition                 Fire           5%         3d4       100%        8


Dungeon Overview and Level Annotations

Branches:
Dungeon (11/15)            Temple (1/1) D:4            Lair (4/6) D:10
 Spider (0/4) Lair:3      Ossuary (visited)         Volcano (visited)
  Swamp: Lair:2-4    Shoals: Lair:2-4       Orc: D:9-12

Altars:
Ashenzari
Cheibriados
Dithmenos
Elyvilon
Fedhas
Gozag
Hepliaklqana
Kikubaaqudgha
Makhleb
Nemelex Xobeh
Okawaru
Qazlal
Ru
Sif Muna
Trog
Uskayaw
Vehumet
Wu Jian
Xom
Yredelemnul
Zin
The Shining One

Shops:
D:6 :*   D:10 *(*(!

Annotations:
D:9 Item Stash


Innate Abilities, Weirdness & Mutations

You have a beak for a mouth.
You have claws for feet.
Your magical nature lets you fly swiftly and evasively.


Message History

Aiming: Shock (safe; 1% risk of failure)
Press: ? - help, Q - select action, (/) - cycle Shift-Dir - straight line, f/p - death yak
Aim: a death yak (severely wounded, ally target, 91% to hit)
You feel a surge of power!
The zap hits the death yak.
The death yak is severely wounded.
Your battlesphere fires!
The barrage of energy hits the death yak!
The death yak is almost dead.
Your lightning spire shoots out a bolt of lightning at the death yak!
The bolt of electricity hits the death yak!
The death yak dies!
Vehumet accepts your kill.
Your Conjurations skill increases to level 14!
There is a stone staircase leading down here.
You start resting.
You start to feel a little slower.
You start resting.
You feel sluggish.
You start resting.
Your lightning spire disappears in a puff of smoke!
You start to feel a little faster.
You start resting.
Your battlesphere wavers and loses cohesion.
You start resting.
You no longer feel sluggish.
You start resting.
Magic restored.
You fly downwards.
The black mamba bites you! x2
You are poisoned.
The black mamba poisons you! You block the death yak's attack.
The death yak gores you!! You block the death yak's attack.
The black mamba barely misses you.
There is a stone staircase leading up, spattered with blood here.
You feel very sick. You block the black mamba's attack.
The death yak gores you!!
* * * LOW HITPOINT WARNING * * *
The death yak barely misses you. The death yak gores you.
* * * LOW HITPOINT WARNING * * *
You fly upwards.
You die...

##..P................##
##...................##
.....................#
...............^....##
............[.......#
....................#
....#..............##
######.........YS..# .#
##)........@Y.# ##
##.........Y.### #
#.............### #
##.........#....# #
#...>.....###..## #
##........###..# #
###.........#.### ###
#.#........#...#
#.#####.........#..###


You could see 3 death yaks and a black mamba.

Vanquished Creatures
  3 hydras
  A catoblepas (D:10)
  2 two-headed ogres
  Erica (D:8)
  2 death yaks (Lair:2)
  The ghost of croobank the Covert, a novice GnDe of Gozag (D:8)
  Nergalle (Lair:3)
  A wizard (Volcano)
  A deep troll (Lair:1)
  A deep elf pyromancer (Volcano)
  3 cyclopes
  2 oklob plants
  A manticore (D:10)
  2 salamanders (Volcano)
  2 black mambas
  2 centaur zombies (D:10)
  3 molten gargoyles (Volcano)
  3 gargoyles (Volcano)
  7 cane toads
  A rime drake (shapeshifter) (D:10)
  An unseen horror zombie (D:10)
  5 komodo dragons
  A queen bee (Lair:2)
  A troll (D:11)
  2 hornets
  A polar bear (Lair:2)
  3 blink frogs (Lair:2)
  Sigmund (D:3)
  A shadow (D:10)
  A wraith (D:9)
  A wyvern (Lair:2)
  9 yaks
  5 basilisks
  A steam dragon (D:9)
  Edmund (D:6)
  A redback (Lair:3)
  A hell hound (Lair:1)
  8 water moccasins
  2 sky beasts
  2 ice beasts
  5 orc warriors
  3 ogres
  2 black bears
  5 wolves (Lair:2)
  2 centaurs
  13 bullfrogs
  A kobold brigand (D:10)
  The ghost of samgaumpmail the Sneak, an amateur SpEn (D:4)
  6 necrophages
  2 scorpions (D:5)
  14 wights
  5 water moccasin zombies (Ossuary)
  12 killer bees (Lair:2)
  4 howler monkeys
  A human zombie (D:10)
  2 quasits (D:8)
  Crazy Yiuf (D:6)
  A gnoll shaman (D:5)
  An orc priest (D:10)
  5 hounds
  A jelly (D:5)
  Jessica (D:2)
  4 iguanas
  10 orc wizards
  2 mummies (Ossuary)
  7 gnolls
  5 adders
  2 shadow imps
  A white imp (D:6)
  2 ufetubi
  5 adder zombies (Ossuary)
  4 worms
  2 dart slugs
  23 orcs
  9 ball pythons
  7 endoplasms
  3 giant cockroaches
  5 gnoll zombies (Ossuary)
  8 goblins
  6 hobgoblins
  9 jackals
  15 kobolds
  3 quokkas
  6 bats
  A frilled lizard (D:1)
  3 hobgoblin zombies (Ossuary)
  2 kobold zombies (Ossuary)
  7 orc zombies (Ossuary)
  A rat (D:2)
328 creatures vanquished.

Vanquished Creatures (collateral kills)
  2 death yaks
  A salamander mystic (Volcano)
  A cyclops (Volcano)
  2 salamanders (Volcano)
  A black mamba (Lair:2)
  A cane toad (Lair:2)
  A molten gargoyle (Volcano)
  2 blink frogs (Lair:2)
  4 yaks (D:11)
  A hell hound (Lair:1)
  5 water moccasins
  A wolf (Lair:2)
  A kobold brigand (D:9)
  5 wights
  7 killer bees (Lair:2)
  A quasit (D:8)
  An orc priest (D:10)
  2 orcs
  4 kobolds (D:9)
43 creatures vanquished.

Vanquished Creatures (others)
  A bush (Lair:2)
  6 fungi (Lair:2)
  32 plants
39 creatures vanquished.

Grand Total: 410 creatures vanquished

Notes
Turn   | Place    | Note
-------+----------+-------------------------------------------
     0 | D:1      | happo123 the Tengu Air Elementalist began the quest for the
                  | Orb.
     0 | D:1      | Reached XP level 1. HP: 10/10 MP: 4/4
    18 | D:1      | Found a faded altar of an unknown god.
   121 | D:1      | Reached XP level 2. HP: 4/15 MP: 1/6
   124 | D:1      | Learned a level 2 spell: Static Discharge
   966 | D:2      | Reached XP level 3. HP: 19/20 MP: 3/7
   970 | D:2      | Learned a level 3 spell: Swiftness
  1398 | D:2      | Identified the +1 robe of the Earth {Dex+2}
  1455 | D:2      | Reached XP level 4. HP: 24/24 MP: 8/8
  1536 | D:2      | Noticed Jessica
  1539 | D:2      | Killed Jessica
  1754 | D:3      | Reached skill level 1 in Fighting
  1758 | D:3      | Reached skill level 5 in Air Magic
  1857 | D:3      | Noticed Sigmund
  1926 | D:3      | Gained mutation: Your magical nature lets you fly swiftly
                  | and evasively. [Tengu growth]
  1926 | D:3      | Reached XP level 5. HP: 29/29 MP: 7/9
  2239 | D:3      | Killed Sigmund
  2240 | D:3      | Reached XP level 6. HP: 27/35 MP: 1/11
  2432 | D:4      | Found a hazy altar of Hepliaklqana.
  2508 | D:4      | Found a sand-covered staircase.
  2513 | Ossuary  | Entered an ossuary
  2543 | Ossuary  | Reached XP level 7. HP: 5/40 MP: 0/12
  2815 | Ossuary  | Learned a level 4 spell: Airstrike
  2956 | Ossuary  | Reached skill level 5 in Conjurations
  3444 | D:4      | Found a transporter.
  3446 | D:4      | Identified the +7 dire flail of Dismemberment {vorpal, rF+
                  | Will+ SInv}
  3447 | D:4      | Noticed samgaumpmail's ghost (amateur SpEn)
  3463 | D:4      | Found a transporter.
  3480 | D:4      | Reached XP level 8. HP: 7/45 MP: 4/13
  3486 | D:4      | Killed samgaumpmail's ghost
  3755 | D:4      | Found a staircase to the Ecumenical Temple.
  3771 | Temple   | Entered the Ecumenical Temple
  3864 | Temple   | Became a worshipper of Vehumet
  3943 | D:4      | Found a burning altar of Makhleb.
  4122 | D:5      | Entered Level 5 of the Dungeon
  4597 | D:5      | Found a sparkling altar of Nemelex Xobeh.
  4729 | D:5      | Reached skill level 1 in Maces & Flails
  4944 | D:6      | Reached skill level 1 in Ice Magic
  4979 | D:6      | Noticed Edmund
  4989 | D:6      | Killed Edmund
  5259 | D:6      | Found Itrezxakh's Blasphemy Boutique.
  5304 | D:6      | Reached * piety under Vehumet
  5304 | D:6      | Offered knowledge of Magic Dart by Vehumet.
  5311 | D:6      | Reached skill level 1 in Summonings
  5311 | D:6      | Reached XP level 9. HP: 51/51 MP: 9/15
  5462 | D:6      | Found Akly's Book Boutique.
  5580 | D:6      | Identified the +9 mace "Tormentor" {spect, Will+ rCorr
                  | Int-3 Dex+3}
  5582 | D:6      | Found a runed translucent door.
  5583 | D:6      | Noticed Crazy Yiuf
  5588 | D:6      | Killed Crazy Yiuf
  5884 | D:7      | Found a shadowy altar of Dithmenos.
  5913 | D:7      | Identified the +3 long sword of Absolution {freeze, rPois
                  | rC+ Int+4 Dex-5}
  6647 | D:8      | Reached skill level 5 in Dodging
  6685 | D:8      | Noticed a two-headed ogre
  6695 | D:8      | Killed a two-headed ogre
  6696 | D:8      | Reached skill level 5 in Stealth
  6883 | D:8      | Noticed Erica
  6895 | D:8      | Killed Erica
  6896 | D:8      | Reached XP level 10. HP: 58/58 MP: 7/17
  6980 | D:8      | Found a transporter.
  6994 | D:8      | Noticed croobank's ghost (novice GnDe)
  7014 | D:8      | Found a transporter.
  7160 | D:8      | Offered knowledge of Searing Ray by Vehumet.
  7170 | D:8      | Reached ** piety under Vehumet
  7192 | D:8      | Learned a level 2 spell: Searing Ray
  7302 | D:7      | Found an ornate altar of the Wu Jian Council.
  7593 | D:9      | Reached skill level 10 in Air Magic
  7625 | D:9      | Learned a level 4 spell: Summon Lightning Spire
  7666 | D:9      | Offered knowledge of Dazzling Flash by Vehumet.
  7932 | D:9      | Identified the +2 leather armour of Wucsupp {Fly Will-
                  | Str+6 Int+4}
  7937 | D:9      | Reached skill level 5 in Spellcasting
  8106 | D:9      | Reached *** piety under Vehumet
  8107 | D:9      | Reached skill level 5 in Fighting
  8378 | D:10     | Entered Level 10 of the Dungeon
  8378 | D:10     | Found Vuka's Distillery.
  8510 | D:6      | Bought a book of Power for 546 gold pieces
  8599 | D:10     | Found Hayrph's Weapon Emporium.
  8661 | D:10     | Noticed a catoblepas
  8677 | D:10     | Killed a catoblepas
  8678 | D:10     | Reached XP level 11. HP: 59/63 MP: 8/19
  8690 | D:10     | Noticed a manticore
  8738 | D:10     | Killed a manticore
  8739 | D:10     | Reached skill level 10 in Conjurations
  8867 | D:10     | Noticed an oklob plant
  8971 | D:10     | Found a staircase to the Lair.
  8986 | D:10     | Killed an oklob plant
  9088 | D:10     | Offered knowledge of Sticky Flame by Vehumet.
  9261 | D:10     | Found Gifuh's General Store.
  9284 | D:10     | Found Anaof's Weapon Shoppe.
  9405 | D:10     | Found Builosat's Assorted Antiques.
  9408 | D:10     | Bought a scroll labelled CABEXK CIAG for 29 gold pieces
  9408 | D:10     | Bought a scroll labelled FEKHATU TAGGUUR for 29 gold pieces
  9441 | D:10     | Found a basalt altar of Yredelemnul.
  9547 | D:10     | Reached skill level 5 in Summonings
  9630 | D:10     | Reached **** piety under Vehumet
 10197 | D:11     | Noticed a cyclops
 10202 | D:10     | Reached skill level 5 in Maces & Flails
 10208 | D:10     | Learned a level 5 spell: Iskenderun's Battlesphere
 10484 | D:11     | Killed a cyclops
 10671 | D:11     | Noticed a two-headed ogre
 10677 | D:11     | Killed a two-headed ogre
 10860 | D:11     | Noticed a five-headed hydra
 10865 | D:11     | Killed a five-headed hydra
 10902 | D:11     | Offered knowledge of Yara's Violent Unravelling by Vehumet.
 10903 | D:11     | Reached XP level 12. HP: 70/70 MP: 10/21
 11424 | D:8      | Killed croobank's ghost
 11645 | Lair:1   | Entered Level 1 of the Lair of Beasts
 11750 | Lair:1   | Found a dark tunnel.
 11763 | Volcano  | Entered a volcano
 12742 | Volcano  | Noticed an orb of fire
 12774 | Volcano  | Noticed an orb of fire
 13362 | Lair:1   | Noticed a seven-headed hydra
 13372 | Lair:1   | Killed a seven-headed hydra
 13621 | Lair:2   | Found a snail-covered altar of Cheibriados.
 13625 | Lair:2   | Reached XP level 13. HP: 76/76 MP: 20/24
 14196 | Lair:2   | Reached skill level 1 in Evocations
 14714 | Lair:2   | Reached ***** piety under Vehumet
 14888 | Lair:2   | Offered knowledge of Eringya's Noxious Bog by Vehumet.
 16820 | Lair:3   | Noticed Nergalle
 16841 | Lair:3   | Killed Nergalle
 17208 | Lair:3   | Found a hole to the Spider Nest.
 17641 | Lair:3   | Succumbed to a black mamba's poison

Illustrated notes

Levels and vault maps discovered:
D:1:      eino_arrival_tree_alley, layout_basic,
          hellmonk_ecumenical_altar_pennies_from_heaven, serial_bayou_pond_d
D:2:      layout_rooms, due_unseen_surprise, uniq_jessica
D:3:      corexii_shack_village, layout_loops_ring, uniq_sigmund
D:4:      layout_basic, mainiacjoe_overflow_small_starburst,
          nicolae_overflow_crystal_walls, minmay_temple_entry_butterflies,
          gammafunk_ghost_smash, enter_ossuary_2
D:5:      layout_basic, general_overflow_altar
D:6:      layout_loops_ring, serial_shops, nicolae_shop_trees,
          nicolae_evil_shop, uniq_edmund, uniq_crazy_yiuf_cottage
D:7:      layout_basic, nicolae_overflow_hidden_temple
D:8:      layout_rooms, gammafunk_ghost_stat_death, uniq_erica
D:9:      layout_big_octagon
D:10:     nzn_motion_control, layout_basic, lemuel_mausoleum_altar_yredelemnul,
          dpeg_oklobed_lair, serial_shops, nicolae_diamond_shop,
          nicolae_shop_hallway_stairs, nicolae_stop_n_shop_1, shop,
          nicolae_shop_behind_doors, minivault_19
D:11:     layout_gridville
Temple:   nicolae_temple_elliptical
Lair:1:   dreamdust_cave_troll, layout_regular_city, enter_volcano_3
Lair:2:   nzn_winding_woodlands_medium [nzn_winding_woodlands_5x5_closed_star,
          nzn_winding_woodlands_5x15_crooked, nzn_winding_woodlands_5x5_three,
          nzn_winding_woodlands_hourglass, nzn_winding_woodlands_center_garden,
          nzn_winding_woodlands_5x5_open_star,
          nzn_winding_woodlands_5x5_default,
          nzn_winding_woodlands_5x15_split_checker,
          nzn_winding_woodlands_5x5_cross], layout_gridlike, special_room
          [special_room_bee], basic_altar, lemuel_another_geyser
Lair:3:   layout_layer_cave, spider_nest_entry_rubble, minmay_stone_trees_small,
          chequers_serial_rivers_marsh, serial_bayou_shore_a, uniq_nergalle
Lair:4:   layout_cave_pods, elwin_shoals_entry_rocks, roderic_carrion_pond

Skill      XL: |  1  2  3  4  5  6  7  8  9 10 11 12 13 |
---------------+----------------------------------------+-----
Conjurations   | 2 3 4 5 7 8 9 11 12 14 | 14.0
Fighting       | 1 2 3 4 5 6 7 |  7.7
Air Magic      | 5 6 7 8 9 10 11 13 14 | 14.4
Dodging        | 3 4 5 6 7 8 |  8.7
Stealth        | 3 4 5 6 |  6.0
Spellcasting   | 3 4 5 6 7 |  7.2
Maces & Flails | 1 3 4 5 6 7 |  7.4
Ice Magic      | 1 2 3 4 |  4.0
Summonings     | 1 3 4 5 7 8 |  8.0
Evocations     | 2 |  2.9

Action                   |  1- 3 |  4- 6 |  7- 9 | 10-12 | 13-15 || total
-------------------------+-------+-------+-------+-------+-------++-------
Melee: Whip              |    30 |    44 |    30 |       |       ||   104
       Peck              |     3 |     7 |    12 |    23 |    10 ||    55
       Unarmed           |     1 |       |       |       |       ||     1
       Kick              |     4 |    12 |    23 |    42 |    11 ||    92
       Short sword       |     1 |     1 |       |       |       ||     2
       Dire flail        |       |       |    59 |   125 |    37 ||   221
       Mace              |       |       |       |     3 |     4 ||     7
       Punch             |       |       |       |     1 |       ||     1
 Fire: Triple crossbow   |       |       |       |       |     5 ||     5
 Cast: Shock             |    28 |    26 |    45 |   128 |   110 ||   337
       Static Discharge  |       |     9 |    24 |    21 |    12 ||    66
       Airstrike         |       |       |    15 |    59 |    24 ||    98
       Summon Lightning  |       |       |       |    22 |    19 ||    41
       Iskenderun's Batt |       |       |       |    34 |    46 ||    80
       Searing Ray       |       |       |       |     1 |     1 ||     2
       Swiftness         |       |       |       |       |     2 ||     2
Evoke: Box of beasts     |       |       |       |     1 |       ||     1
  Use: Scroll            |       |       |     4 |     7 |     4 ||    15
 Stab: Sleeping          |     3 |     4 |     8 |     7 |     1 ||    23
       Distracted        |     1 |       |       |     1 |       ||     2
Armor: Robe              |     7 |    12 |    13 |    30 |    11 ||    73
Dodge: Dodged            |    42 |    34 |    80 |   118 |    72 ||   346
Block: Other             |       |       |       |       |     5 ||     5

Table legend: (Time is in decaauts)
 A = Elapsed time spent in this place.
 B = Non-inter-level travel time spent in this place.
 C = Inter-level travel time spent in this place.
 D = Time resting spent in this place.
 E = Time spent auto-exploring this place.
 F = Levels seen in this place.
 G = Mean time per level.
                   A        B        C        D        E       F      G
               +--------+--------+--------+--------+--------+-----+--------+
         Total |  16670 |  11128 |   5542 |   4041 |   3207 |  18 |  926.1 |
       Dungeon |  10219 |   6523 |   3696 |   1376 |   2962 |  11 |  929.0 |
        Temple |    145 |    117 |     28 |      0 |     99 |   1 |  145.0 |
          Lair |   4534 |   2717 |   1817 |   1620 |     99 |   4 | 1133.5 |
       Ossuary |    633 |    633 |      0 |    438 |      5 |   1 |  633.0 |
       Volcano |   1137 |   1137 |      0 |    607 |     41 |   1 | 1137.0 |
               +--------+--------+--------+--------+--------+-----+--------+

Top non-repeatable levels by time:
  Lair:2: 2395 daAuts
    D:10: 1818 daAuts
  Lair:1: 1164 daAuts
 Volcano: 1137 daAuts
     D:8: 1071 daAuts
  Lair:3: 968 daAuts
     D:1: 932 daAuts
     D:9: 923 daAuts
     D:6: 846 daAuts
     D:4: 835 daAuts
     D:7: 808 daAuts
    D:11: 782 daAuts
     D:2: 744 daAuts
     D:5: 743 daAuts
     D:3: 712 daAuts
